 Dungeon Crawl Stone Soup version 0.21.1-1-g345015f (webtiles) character file.

36 rob the Digger (level 3, 0/26 HPs)
             Began as a Draconian Earth Elementalist on Mar 24, 2018.
             Slain by a worker ant (8 damage)
             ... on level 2 of the Dungeon.
             The game lasted 00:10:28 (1576 turns).

rob the Digger (Draconian Earth Elementalist)       Turns: 1576, Time: 00:10:28

Health: 0/26       AC:  5    Str: 10    XL:     3   Next: 19%
Magic:  4/6        EV: 12    Int: 16    God:
Gold:   62         SH:  0    Dex: 11    Spells: 5/6 levels left

rFire    + . .     SeeInvis .   f - +0 short sword
rCold    . . .     Gourm    .   (no shield)
rNeg     . . .     Faith    .   (armour unavailable)
rPois    .         Spirit   .   (helmet restricted)
rElec    .         Reflect  .   (no cloak)
rCorr    +         Harm     .   (no gloves)
MR       .....                  (no boots)
Stlth    ++........             (no amulet)
HPRegen  0.08/turn              g - ring of resist corrosion
MPRegen  0.10/turn              i - ring of protection from fire

@: lethally poisoned (0 -> -14)
A: unfitting armour, cold-blooded, AC +5
a: no special abilities


You were on level 2 of the Dungeon.
You were hungry.

You visited 1 branch of the dungeon, and saw 2 of its levels.

You collected 62 gold pieces.

Inventory:

Hand Weapons
 e - a +0 dagger
 f - a +0 short sword (weapon)
Jewellery
 g - a ring of resist corrosion (left hand)
 i - a ring of protection from fire (right hand)
Scrolls
 h - a scroll of identify {unknown}
 l - a scroll of magic mapping {unknown}
Potions
 a - 2 potions of lignification {unknown}
 k - 2 potions of magic {unknown}
Books
 d - a book of Geomancy

   Spells                             Type                      Level
   a - Sandblast                      Earth                        1
   b - Passwall                       Transmutation/Earth          2
   c - Stone Arrow                    Conjuration/Earth            3
   d - Petrify                        Transmutation/Earth          4
   e - Lee's Rapid Deconstruction     Earth                        5
Comestibles
 c - a ration
 j - a chunk of flesh


   Skills:
 + Level 0.6 Short Blades
 + Level 2.0 Dodging
 + Level 2.0 Stealth
 + Level 2.2 Spellcasting
   Level 1.0 Transmutations
 + Level 3.7 Earth Magic


You had 5 spell levels left.
You knew the following spells:

 Your Spells              Type           Power        Failure   Level  Hunger
a - Sandblast             Erth           ##....       4%          1    #......


Dungeon Overview and Level Annotations

Branches:
Dungeon (2/15)

Altars:


Innate Abilities, Weirdness & Mutations

Your plain brown scales are hard. (AC +5)
You cannot fit into any form of body armour.
You are cold-blooded and may be slowed by cold attacks.


Message History

The worker ant bites you but does no damage.
The goblin hits you but does no damage.
An adder comes into view.
You closely miss the goblin.
The adder hisses angrily.
You kill the goblin!
You feel sick. The worker ant closely misses you. The worker ant bites you!
You are lethally poisoned!
The worker ant poisons you!
You feel sick.
Items here: ! )) † a dagger; 2 grey potions; a club; a hobgoblin corpse You hit the worker ant but do no damage.
You feel sick.
The worker ant bites you but does no damage.
You hit the adder.
The adder is moderately wounded.
You feel sick. The adder bites you but does no damage.
The worker ant bites you!
You die...

##########..........#
##
........##............
........###...#####...#
............#)# .#.#
###......###..# .#..
.....##.(##...#. ##..
##(.......
#...###a...#.... #
#..@#..........
#...S.#..#.......
##.%..#..........
........#.....
###......#.....
.#.....#..... #........
#... .....#...


You could see a worker ant and an adder.

Vanquished Creatures
  A bat (D:1)
  7 goblins
  10 hobgoblins
  8 kobolds (D:1)
  2 frilled lizards (D:1)
  2 rats (D:1)
30 creatures vanquished.

Notes
Turn   | Place    | Note
-------+----------+-------------------------------------------
     0 | D:1      | rob the Draconian Earth Elementalist began the quest for the Orb.
     0 | D:1      | Reached XP level 1. HP: 14/14 MP: 3/3
   291 | D:1      | Reached XP level 2. HP: 20/20 MP: 0/5
  1420 | D:1      | Reached XP level 3. HP: 22/26 MP: 1/6
  1576 | D:2      | Slain by a worker ant

Skill      XL: |  1  2  3 |
---------------+----------+-----
Dodging        | 2 |  2.0
Stealth        | 2 |  2.0
Short Blades   | |  0.6
Spellcasting   | |  2.2
Transmutations | |  1.0
Earth Magic    | |  3.7

Action                   || total
-------------------------++-------
Melee: Dagger            ||    29
       Short sword       ||    14
       Tailslap          ||     2
 Cast: Sandblast         ||    33
 Stab: Sleeping          ||     1
  Eat: Chunk             ||     2
Armor: Skin              ||    14
Dodge: Dodged            ||    37
